 Dungeon Crawl Stone Soup version 0.31.0-11-ge490571c62 (webtiles) character file.

Game seed: 4751153706751086560

38 Silvore the Trooper (level 3, -1/29 HPs)
             Began as a Demonspawn Fighter on Feb 8, 2024.
             Slain by a gnoll
             ... wielding a +2 flail of holy wrath
              (4 damage)
             ... on level 2 of the Dungeon.
             The game lasted 00:01:33 (1077 turns).

Silvore the Trooper (Demonspawn Fighter)            Turns: 1077, Time: 00:01:33

Health: -1/29      AC:  6    Str: 18    XL:     3   Next: 25%
Magic:  3/3        EV:  9    Int:  8    God:
Gold:   64         SH:  8    Dex: 12    Spells: 2/2 levels left

rFire   . . .        a - +0 long sword
rCold   . . .        c - +0 buckler
rNeg    . . .        b - +0 scale mail
rPois   .            (no helmet)
rElec   .            (no cloak)
rCorr   .            (no gloves)
SInv    .            (no boots)
Will    .....        (no amulet) Stlth
                     (no ring)
HPRegen 0.24/turn    (no ring)
MPRegen 0.08/turn

%: no passive effects
@: mighty
A: hooves 1, condensation shield
a: no special abilities


You were on level 2 of the Dungeon.
You visited 1 branch of the dungeon, and saw 2 of its levels.

You collected 64 gold pieces.

Inventory:

Hand Weapons
 a - a +0 long sword (weapon)
Armour
 b - a +0 scale mail (worn)
 c - a +0 buckler (worn)
Jewellery
 m - a ring of resist corrosion
Wands
 k - a wand of mindburst (11)
Scrolls
 h - a scroll of poison {unknown}
 j - a scroll of blinking {unknown}
Potions
 d - a potion of might
 e - a potion of haste {unknown}
 f - a potion of curing {unknown}
 g - 2 potions of heal wounds {unknown}
 i - a potion of attraction {unknown}
 l - a potion of degeneration {unknown}


   Skills:
 + Level 3.3 Fighting
 + Level 2.3 Long Blades
 + Level 3.2 Armour
 + Level 0.1 Dodging
 + Level 2.8 Shields


You had 2 spell levels left.
You didn't know any spells.
Your spell library contained the following spells:

 Spells                   Type           Power      Damage    Failure   Level
 Blink                    Tloc           0%         N/A       95%         2
 Call Imp                 Summ           0%         N/A       95%         2
 Lesser Beckoning         Tloc           0%         N/A       95%         2
 Momentum Strike          Conj/Tloc      0%         3d8       95%         2
 Sublimation of Blood     Necr           0%         N/A       95%         2
 Summon Hydra             Summ           0%         N/A       100%        7


Dungeon Overview and Level Annotations

Branches:
Dungeon (2/15)

Altars:


Innate Abilities, Weirdness & Mutations

You have large cloven feet.
A meltable shield of frost defends you. (SH +4)


Message History

The bat hits you. You block the bat's attack.
You hit the bat but do no damage. Your kick misses the bat.
You block the bat's attack. The bat hits you but does no damage.
You block the bat's attack. The bat hits you but does no damage.
You hit the bat.
You kill the bat!
Found a stone staircase leading up. 3 gnolls come into view.
A gnoll is wielding a +2 flail of holy wrath.
The gnoll shouts! x2
A gnoll comes into view. It is wielding a +0 whip.
The gnoll moves out of view.
There are monsters nearby!
An endoplasm comes into view.
The gnoll attacks as it pursues you! You block the gnoll's attack.
You block the gnoll's attack.
You closely miss the gnoll. You kick the gnoll.
The gnoll is lightly wounded.
The gnoll closely misses you.
You slash the gnoll! Your kick misses the gnoll.
The gnoll is severely wounded.
The gnoll closely misses you. You block the gnoll's attack.
The gnoll completely misses you.
You barely miss the gnoll.
The gnoll is heavily wounded.
The gnoll closely misses you.
The gnoll hits you with a +2 flail of holy wrath!
You convulse.
You hit the gnoll. You kick the gnoll, but do no damage.
The gnoll is severely wounded.
The gnoll closely misses you.
The gnoll hits you with a +2 flail of holy wrath!
* * * LOW HITPOINT WARNING * * *
You convulse.
* * * LOW HITPOINT WARNING * * *
You feel very mighty all of a sudden. The gnoll barely misses you.
The gnoll hits you with a +2 flail of holy wrath.
You die...

#### #...##
#.....#
######g......
#..@ggg......
#.####J.<....
#.# #.....#
#.# #...##
####.# #.##
#....# .#
#.#..# #
#.#..# #.####


You could see 4 gnolls and an endoplasm.

Vanquished Creatures
  5 ball pythons
  5 endoplasms
  A giant cockroach (D:1)
  2 goblins
  5 hobgoblins
  7 kobolds
  A quokka (D:2)
  4 bats
  2 frilled lizards
  2 rats (D:1)
34 creatures vanquished.

Notes
Turn   | Place    | Note
-------+----------+-------------------------------------------
     0 | D:1      | Silvore the Demonspawn Fighter began the quest for the Orb.
     0 | D:1      | Reached XP level 1. HP: 18/18 MP: 1/1
    10 | D:1      | Noticed an ogre
   109 | D:1      | Gained mutation: A meltable shield of frost defends you.
                  | (SH +4) [demonic ancestry]
   109 | D:1      | Reached XP level 2. HP: 12/24 MP: 2/2
   119 | D:1      | HP: 1/24 [rat (2)]
   129 | D:1      | HP: 1/24 [kobold/+0 short sword (2)]
   772 | D:2      | Gained mutation: You have large cloven feet. [demonic
                  | ancestry]
   772 | D:2      | Reached XP level 3. HP: 17/29 MP: 3/3
  1077 | D:2      | Slain by a gnoll

Illustrated notes

Levels and vault maps discovered:
D:1:      evilmike_arrival_come_back, layout_rooms,
          chequers_serial_rivers_small_3
D:2:      layout_loops_ring, minmay_misc_feat_plants, corner_web_ring

Skill      XL: |  1  2 |
---------------+-------+-----
Armour         | 3 |  3.2
Long Blades    | 2 |  2.3
Fighting       | |  3.3
Dodging        | |  0.1
Shields        | |  2.8

Action                     || total
---------------------------++-------
  Melee: Long sword        ||    98
         Kick              ||     6
    Use: Scroll            ||     2
         Potion            ||     1
 Armour: Scale mail        ||    74
  Dodge: Dodged            ||    41
  Block: Buckler           ||    56
